 Dungeon Crawl Stone Soup version 0.27.1-35-g4d5d836560 (webtiles) character file.

Game seed: 14410866451357041997

2264 Delamore the Thrower (level 9, -7/61 HPs)
             Began as an Octopode Brigand on June 10, 2022.
             Was an Initiate of Gozag.
             Mangled by Duvessa (16 damage)
             ... on level 7 of the Dungeon.
             The game lasted 00:07:20 (7011 turns).

Delamore the Thrower (Octopode Brigand)             Turns: 7011, Time: 00:07:21

Health: -7/61      AC:  5    Str: 10    XL:     9   Next: 38%
Magic:  18/18      EV: 15    Int: 20    God:    Gozag
Gold:   582        SH:  0    Dex: 16    Spells: 8/8 levels left

rFire    . . .     SeeInvis .   g - +1 dagger (venom)
rCold    . . .     Faith    .   (no shield)
rNeg     . . .     Spirit   .   (helmet restricted)
rPois    .         Reflect  .   u - amulet of magic regeneration
rElec    .         Harm     .   f - +4 ring of protection
rCorr    .         Rampage  .   o - ring of magical power
Will     .....                  A - +6 ring of intelligence
Stlth    ++++......             (no ring)
HPRegen  0.20/turn              (no ring)
MPRegen  0.41/turn              (no ring)
                                (no ring)
                                (no ring)

@: gold aura
A: almost no armour, amphibious, 8 rings, camouflage 1, gelatinous body 1,
(nimble swimmer 1), tentacles
a: Renounce Religion, Potion Petition, Call Merchant, Bribe Branch


You were on level 7 of the Dungeon.
You worshipped Gozag.
Gozag was pleased with you.
You visited 2 branches of the dungeon, and saw 8 of its levels.
You also visited: Sewer.

You collected 661 gold pieces.
You paid 79 gold pieces to Gozag.

Inventory:

Hand Weapons
 a - a +2 dagger
 g - a +1 dagger of venom (weapon)
 v - a +0 rapier
 w - a +3 short sword of draining
Missiles
 b - 20 poisoned darts (quivered)
 l - 143 stones
 z - 9 boomerangs
 B - 3 javelins
Jewellery
 f - a +4 ring of protection (left tentacle)
 o - a ring of magical power (right tentacle)
 u - an amulet of magic regeneration (around mantle)
 A - a +6 ring of intelligence (on tentacle)
Scrolls
 h - a scroll of immolation
 i - a scroll of noise
 j - a scroll of fear
 m - 2 scrolls of amnesia
 p - a scroll of enchant weapon {unknown}
 r - a scroll of holy word {unknown}
 t - a scroll of brand weapon {unknown}
 y - a scroll of fog {unknown}
Potions
 d - 5 potions of brilliance {unknown}
 e - a potion of attraction {unknown}
 n - a potion of ambrosia {unknown}
 q - a potion of haste {unknown}
 x - 3 potions of flight


   Skills:
 - Level 5.0 Fighting
 + Level 4.0 Short Blades
 + Level 9.7 Throwing
 - Level 5.0 Dodging
 - Level 5.3 Stealth


You had 8 spell levels left.
You didn't know any spells.
Your spell library contained the following spells:

 Spells                   Type           Power      Damage    Failure   Level
 Animate Skeleton         Necr           0%         N/A       19%         1
 Pain                     Necr           0%         1d4       19%         1
 Sting                    Tmut/Pois      0%         1d3       19%         1
 Portal Projectile        Hex/Tloc       0%         N/A       50%         3
 Vampiric Draining        Necr           0%         2d6       50%         3
 Blade Hands              Tmut           0%         N/A       99%         5
 Excruciating Wounds      Necr           0%         N/A       99%         5
 Irradiate                Conj/Tmut      0%         3d13      99%         5
 Dragon Form              Tmut           0%         N/A       100%        7


Dungeon Overview and Level Annotations

Branches:
Dungeon (7/15)             Temple (1/1) D:4           Sewer (visited)

Altars:
Ashenzari
Cheibriados
Elyvilon
Fedhas
Gozag
Makhleb
Okawaru
Ru
Sif Muna
Trog
Wu Jian

Shops:
D:2 :

Annotations:
D:3 Delamore's ghost, amateur OpBr
D:7 Duvessa


Innate Abilities, Weirdness & Mutations

You cannot wear most types of armour.
You are amphibious.
You can wear up to eight rings at the same time.
Your skin changes colour to match your surroundings (Stealth+).
Your rubbery body absorbs attacks. (AC +1, EV +1)
((You are camouflaged near water. (Stealth+)))
You have tentacles for arms and can constrict up to eight enemies at once.


Message History

You constrict Duvessa. Duvessa closely misses you.
You hit Duvessa but do no damage.
Duvessa looks as sick as possible!
Duvessa is lightly wounded.
You constrict Duvessa, but do no damage.
Duvessa hits you with a +0 short sword! Duvessa hits you with a +0 short sword.
You hit Duvessa but do no damage.
Duvessa is lightly wounded.
You constrict Duvessa, but do no damage.
Duvessa hits you with a +0 short sword!
* * * LOW HITPOINT WARNING * * *
You feel much better.
You constrict Duvessa. Duvessa misses you.
You hit Duvessa but do no damage. You squeeze Duvessa.
Duvessa is moderately wounded.
You constrict Duvessa, but do no damage.
Duvessa closely misses you.
You hit Duvessa but do no damage.
Duvessa is heavily wounded.
You constrict Duvessa.
Duvessa hits you with a +0 short sword! x2
* * * LOW HITPOINT WARNING * * *
You feel much better.
You constrict Duvessa. Duvessa hits you with a +0 short sword!
* * * LOW HITPOINT WARNING * * *
Okay, then.
Okay, then.
You aren't carrying any items that you can evoke.
Unknown command.
Okay, then.
You feel better.
You constrict Duvessa, but do no damage.
Duvessa misses you. Duvessa hits you with a +0 short sword!
* * * LOW HITPOINT WARNING * * *
You feel better.
You constrict Duvessa, but do no damage.
Duvessa hits you with a +0 short sword!
* * * LOW HITPOINT WARNING * * *
You hit Duvessa. You squeeze Duvessa, but do no damage.
Duvessa is severely wounded.
You constrict Duvessa. Duvessa hits you with a +0 short sword!
You die...
Your body crumbles into a pile of gold.

## #<...... #.
###.##....... #.#
###............ #...
...##......<...
#..###..(............
#.........#..........
######....... #..........
.........$e# ##..#...#..
#......@.####.#..#...#..
##............#)...####.
####...............###..
#....##............#.##.
#....#...........###....
#......................#
#..###.....###.........##
##.. #.....# ####......##
#...###.....#####.......#.


You could see Duvessa (berserk, very poisoned).

Vanquished Creatures
  Sigmund (D:2)
  A wyvern (D:7)
  Menkaure (D:4)
  A water moccasin (D:7)
  A black bear (D:4)
  2 ogres
  A necrophage (D:4)
  2 kobold brigands
  4 bullfrogs (D:6)
  2 scorpions
  2 jellies
  Dowan (D:7)
  2 bullfrog zombies
  2 centaur zombies (D:6)
  A quasit (D:3)
  An orc priest (D:6)
  A centaur skeleton (D:5)
  2 hounds
  An iron imp (D:7)
  A bullfrog skeleton (D:5)
  5 iguanas
  Terence (D:2)
  2 orc wizards
  4 gnolls
  3 adders
  A howler monkey skeleton (D:6)
  2 river rats (Sewer)
  A white imp (D:6)
  2 ufetubi (D:5)
  5 worms
  5 dart slugs
  7 orcs
  5 endoplasms
  2 giant cockroaches
  9 goblins
  11 hobgoblins
  3 jackals
  15 kobolds
  4 quokkas
  9 ball pythons
  4 bats
  5 frilled lizards
  8 rats
143 creatures vanquished.

Notes
Turn   | Place    | Note
-------+----------+-------------------------------------------
     0 | D:1      | Delamore the Octopode Brigand began the quest for the Orb.
     0 | D:1      | Reached XP level 1. HP: 14/14 MP: 1/1
   269 | D:1      | Reached XP level 2. HP: 18/19 MP: 2/2
   868 | D:1      | Reached XP level 3. HP: 25/25 MP: 3/3
   960 | D:2      | Noticed Sigmund
  1218 | D:2      | Noticed Terence
  1231 | D:2      | Killed Terence
  1232 | D:2      | Reached XP level 4. HP: 23/30 MP: 4/4
  1325 | D:2      | Killed Sigmund
  1326 | D:2      | Reached skill level 3 in Throwing
  1326 | D:2      | Reached XP level 5. HP: 31/37 MP: 5/5
  1585 | D:2      | Reached XP level 6. HP: 38/43 MP: 6/6
  1642 | D:2      | Found a faded altar of an unknown god.
  1653 | D:2      | Got Plato's Handbook of Changing
  1705 | D:2      | Found Zichiuf's Book Shoppe.
  1943 | D:3      | Found a white marble altar of Elyvilon.
  1952 | D:3      | Found a transporter.
  2024 | D:3      | Noticed Delamore's ghost (amateur OpBr)
  2140 | D:3      | Found a transporter.
  2616 | D:4      | Reached skill level 4 in Throwing
  2700 | D:4      | Noticed a black bear
  2707 | D:4      | Killed a black bear
  2741 | D:4      | Reached XP level 7. HP: 43/49 MP: 7/7
  2811 | D:4      | Noticed Menkaure
  3191 | D:4      | Found a burning altar of Makhleb.
  3356 | D:4      | Killed Menkaure
  3357 | D:4      | Reached skill level 5 in Fighting
  3357 | D:4      | Reached skill level 5 in Throwing
  3515 | D:4      | Found a staircase to the Ecumenical Temple.
  3579 | D:5      | Entered Level 5 of the Dungeon
  3712 | D:5      | Found a glowing drain.
  3733 | Sewer    | Entered a sewer
  3855 | Sewer    | Reached skill level 5 in Dodging
  3855 | Sewer    | Reached XP level 8. HP: 47/55 MP: 8/8
  3908 | Sewer    | Found a white marble altar of Elyvilon.
  4121 | D:5      | Reached skill level 6 in Throwing
  4185 | Temple   | Entered the Ecumenical Temple
  4258 | Temple   | Became a worshipper of Gozag Ym Sagoz the Greedy
  4329 | D:5      | Found an iron altar of Okawaru.
  4783 | D:6      | Reached skill level 7 in Throwing
  4890 | D:6      | Reached skill level 8 in Throwing
  5607 | D:6      | Reached skill level 9 in Throwing
  5607 | D:6      | Reached XP level 9. HP: 61/61 MP: 9/9
  6727 | D:6      | Found a shimmering blue altar of Sif Muna.
  6917 | D:7      | Found a snail-covered altar of Cheibriados.
  6987 | D:7      | Noticed Dowan
  6988 | D:7      | Noticed Duvessa
  7000 | D:7      | Killed Dowan
  7011 | D:7      | Mangled by Duvessa

Illustrated notes

Levels and vault maps discovered:
D:1:      wander_arrival_peaceful_grave, layout_basic
D:2:      layout_loops_cross, shapermc_ecumenical_altar_rom_forum, serial_shops,
          nicolae_diamond_shop, serial_bayou_pond_c, st_stairs_5, uniq_sigmund,
          uniq_terence
D:3:      layout_rooms, mainiacjoe_overflow_paths, gammafunk_ghost_stat_death,
          minmay_quadrilaterals
D:4:      layout_gridville, lemuel_round_altar,
          minmay_temple_entry_from_below_b, uniq_menkaure
D:5:      layout_gridville, okawaru_ov_weapons_minmay,
          cheibrodos_sewer_entry_bend
D:6:      layout_layer_cave, lemuel_blue_sif_altar, grunt_decor_fettered,
          sigmund_army
D:7:      layout_cave_pools, kennysheep_little_box, slow_altar_1,
          nicolae_overflow_hidden_temple, lemuel_tele_altar,
          chequers_decorated_corner, uniq_duvessa
Temple:   minmay_temple_curvy_loop

Skill      XL: |  1  2  3  4  5  6  7  8  9 |
---------------+----------------------------+-----
Dodging        | 2 3 4 5 |  5.0
Fighting       | 3 4 5 |  5.0
Throwing       | 3 4 5 9 |  9.7
Short Blades   | 4 |  4.0
Stealth        | |  5.3

Action                   |  1- 3 |  4- 6 |  7- 9 || total
-------------------------+-------+-------+-------++-------
Melee: Dagger            |    66 |    74 |   206 ||   346
       Constrict         |    11 |    19 |    45 ||    75
       Tentacles         |     8 |    18 |    58 ||    84
Throw: Dart              |     4 |     1 |    12 ||    17
  Use: Scroll            |       |     2 |     2 ||     4
       Potion            |       |       |     4 ||     4
 Stab: Sleeping          |    11 |    12 |    21 ||    44
       Distracted        |       |       |     1 ||     1
Armor: Skin              |     7 |    14 |    38 ||    59
Dodge: Dodged            |    39 |    42 |   155 ||   236
